2199 views
Uploaded 2022-03-20 22:16:10
Game version 1.32.10
42:48 long 1on1on1on1 ladder game on (4)GreenvilleWoods
Saved by ǢƂŎ
2199 views
Uploaded 2022-03-20 22:16:10
Game version 1.32.10
42:48 long 1on1on1on1 ladder game on (4)GreenvilleWoods

22 units @ 3k
/ 0.4k
9 buildings @ 1.7k
/ 0.5k

| Potion of Healing | 1 | 150 |
| total: | 1 | 150g |
| Peon | 9 | 675 | / | 0 |
| Troll Headhunter | 11 | 1540 | / | 220 |
| Goblin Shredder | 2 | 750 | / | 200 |
| total: | 22 | 2965g | / | 420w |
| Watch Tower | 1 | 110 | / | 80 |
| Altar of Storms | 1 | 180 | / | 50 |
| Orc Burrow | 3 | 480 | / | 120 |
| War Mill | 1 | 205 | / | 0 |
| Barracks | 1 | 180 | / | 50 |
| Great Hall | 1 | 385 | / | 185 |
| Voodoo Lounge | 1 | 130 | / | 30 |
| Stronghold | 2 | 630 | / | 380 |
| Fortress | 2 | 650 | / | 380 |
| total: | 9 | 1670g | / | 515w |
| 0:02 | Peon |
| 0:02 | Peon |
| 0:03 | Peon |
| 0:06 | Altar of Storms |
| 0:19 | Orc Burrow |
| 0:37 | Peon |
| 0:50 | War Mill |
| 1:05 | Barracks |
| 1:08 | Peon |
| 1:08 | Peon |
| 1:22 | Peon |
| 1:36 | Peon |
| 1:41 | Orc Burrow |
| 2:04 | Peon |
| 2:07 | Troll Headhunter |
| 2:10 | Feral Spirit |
| 2:17 | Troll Headhunter |
| 2:50 | Troll Headhunter |
| 3:04 | Stronghold |
| 3:15 | Troll Headhunter |
| 3:15 | Troll Headhunter |
| 3:25 | Steel Ranged Weapons |
| 3:38 | Troll Headhunter |
| 3:58 | Chain Lighting |
| 4:24 | Orc Burrow |
| 5:02 | Great Hall |
| 5:04 | Feral Spirit |
| 5:20 | Voodoo Lounge |
| 5:41 | Goblin Shredder |
| 5:41 | Goblin Shredder |
| 5:52 | Fortress |
| 6:03 | Reinforced Defenses |
| 6:18 | Troll Regeneration |
| 6:37 | Chain Lighting |
| 6:45 | Troll Headhunter |
| 6:56 | Troll Headhunter |
| 7:24 | Watch Tower |
| 7:26 | Troll Headhunter |
| 7:42 | Potion of Healing |
| 8:04 | Troll Headhunter |
| 8:04 | Troll Headhunter |
| Right click | 305 |
| Select | 126 |
| Select group | 77 |
| Build/train/purchase | 65 |
| Misc. action | 41 |
| Assign group | 22 |
| Use ability | 5 |
64 units @ 9.2k
/ 1.5k
27 buildings @ 4.7k
/ 2.4k



| Lesser Clarity Potion | 9 | 630 |
| Orb of Lightning | 1 | 375 |
| Potion of Healing | 1 | 150 |
| Healing Salve | 2 | 200 |
| Potion of Mana | 2 | 400 |
| Scroll of Healing | 1 | 250 |
| Scroll of Town Portal | 3 | 1050 |
| Potion of Lesser Invulnerability | 1 | 150 |
| total: | 20 | 3205g |
| Peon | 15 | 1125 | / | 0 |
| Troll Headhunter | 11 | 1540 | / | 220 |
| Shaman | 7 | 910 | / | 140 |
| Kodo Beast | 3 | 765 | / | 180 |
| Troll Berserker | 17 | 2380 | / | 340 |
| Troll Witch Doctor | 4 | 580 | / | 100 |
| Tauren | 3 | 840 | / | 240 |
| Demolisher | 3 | 660 | / | 150 |
| Goblin Shredder | 1 | 375 | / | 100 |
| total: | 64 | 9175g | / | 1470w |
| Watch Tower | 6 | 660 | / | 480 |
| Altar of Storms | 2 | 360 | / | 100 |
| Orc Burrow | 6 | 960 | / | 240 |
| War Mill | 1 | 205 | / | 0 |
| Barracks | 2 | 360 | / | 100 |
| Voodoo Lounge | 1 | 130 | / | 30 |
| Great Hall | 3 | 1155 | / | 555 |
| Spirit Lodge | 2 | 300 | / | 300 |
| Beastiary | 2 | 290 | / | 280 |
| Tauren Totem | 2 | 270 | / | 310 |
| Stronghold | 1 | 315 | / | 190 |
| Fortress | 1 | 325 | / | 190 |
| total: | 27 | 4690g | / | 2395w |
| 0:03 | Peon |
| 0:04 | Peon |
| 0:09 | Altar of Storms |
| 0:17 | Altar of Storms |
| 0:20 | Orc Burrow |
| 0:24 | Peon |
| 0:24 | Peon |
| 0:51 | War Mill |
| 1:06 | Barracks |
| 1:11 | Peon |
| 1:28 | Peon |
| 1:30 | Peon |
| 1:43 | Orc Burrow |
| 2:09 | Barracks |
| 2:14 | Troll Headhunter |
| 2:21 | Feral Spirit |
| 2:34 | Troll Headhunter |
| 2:52 | Troll Headhunter |
| 3:05 | Troll Headhunter |
| 3:10 | Orc Burrow |
| 3:30 | Troll Headhunter |
| 3:39 | Voodoo Lounge |
| 3:50 | Troll Headhunter |
| 4:34 | Great Hall |
| 4:49 | Chain Lighting |
| 4:55 | Stronghold |
| 5:16 | Troll Headhunter |
| 5:29 | Steel Ranged Weapons |
| 5:32 | Feral Spirit |
| 5:52 | Goblin Shredder |
| 6:17 | Troll Headhunter |
| 7:54 | Spirit Lodge |
| 7:59 | Chain Lighting |
| 8:33 | Troll Regeneration |
| 8:35 | Fortress |
| 8:38 | Spirit Lodge |
| 8:40 | Peon |
| 8:40 | Peon |
| 8:40 | Peon |
| 8:41 | Peon |
| 8:53 | Feral Spirit |
| 8:57 | Thorium Ranged Weapons |
| 8:57 | Steel Armor |
| 9:08 | Orc Burrow |
| 9:26 | Shaman Adept Training |
| 9:30 | Beastiary |
| 9:47 | Troll Headhunter |
| 9:59 | War Stomp |
| 10:44 | Troll Headhunter |
| 10:48 | Witch Doctor Adept Training |
| 10:49 | Shaman |
| 10:54 | Watch Tower |
| 10:58 | Watch Tower |
| 11:02 | Arcanite Ranged Weapons |
| 11:03 | Berserker Upgrade |
| 11:17 | Kodo Beast |
| 11:20 | War Drums Damage Increase |
| 11:23 | Shaman Master Training |
| 11:28 | Troll Headhunter |
| 11:30 | Lesser Clarity Potion |
| 11:35 | Lesser Clarity Potion |
| 11:56 | Troll Berserker |
| 12:16 | Kodo Beast |
| 12:20 | Healing Wave |
| 12:33 | Witch Doctor Master Training |
| 12:34 | Shaman |
| 12:42 | Lesser Clarity Potion |
| 12:57 | Orc Burrow |
| 12:58 | Burning Oil |
| 13:16 | Scroll of Healing |
| 13:17 | Potion of Lesser Invulnerability |
| 13:25 | Orc Burrow |
| 13:29 | Steel Melee Weapons |
| 13:50 | Troll Witch Doctor |
| 14:02 | Endurance Aura |
| 15:11 | Troll Berserker |
| 15:14 | Tauren Totem |
| 15:17 | Shaman |
| 15:37 | Beastiary |
| 15:42 | Tauren Totem |
| 15:44 | Troll Berserker |
| 15:46 | Troll Witch Doctor |
| 16:24 | Troll Berserker |
| 16:26 | Orb of Lightning |
| 16:26 | Potion of Healing |
| 16:27 | Lesser Clarity Potion |
| 17:14 | Shaman |
| 17:44 | Pulverize |
| 17:45 | Tauren |
| 17:49 | Troll Berserker |
| 18:31 | Tauren |
| 18:47 | Thorium Armor |
| 18:50 | Troll Berserker |
| 20:12 | Arcanite Armor |
| 20:12 | Thorium Melee Weapons |
| 20:35 | Hex |
| 20:46 | Demolisher |
| 20:51 | Great Hall |
| 21:05 | Endurance Aura |
| 21:28 | Chain Lighting |
| 22:39 | Shaman |
| 22:39 | Troll Witch Doctor |
| 22:41 | Troll Berserker |
| 22:54 | Troll Berserker |
| 22:55 | Tauren |
| 23:03 | Lesser Clarity Potion |
| 23:03 | Healing Salve |
| 23:06 | Lesser Clarity Potion |
| 23:07 | Healing Salve |
| 23:34 | Troll Berserker |
| 24:04 | War Stomp |
| 24:11 | Troll Berserker |
| 24:16 | Shaman |
| 24:19 | Peon |
| 24:20 | Peon |
| 24:20 | Peon |
| 24:20 | Peon |
| 24:35 | Healing Wave |
| 24:43 | Troll Berserker |
| 24:56 | Scroll of Town Portal |
| 24:57 | Lesser Clarity Potion |
| 24:59 | Potion of Mana |
| 25:17 | Troll Berserker |
| 25:36 | Watch Tower |
| 25:38 | Watch Tower |
| 26:40 | Scroll of Town Portal |
| 27:35 | Troll Berserker |
| 27:43 | Great Hall |
| 27:52 | Scroll of Town Portal |
| 27:53 | Lesser Clarity Potion |
| 27:55 | Lesser Clarity Potion |
| 28:42 | Demolisher |
| 28:43 | Troll Berserker |
| 28:45 | Arcanite Melee Weapons |
| 28:46 | Reinforced Defenses |
| 28:46 | Spiked Barricades |
| 29:18 | Troll Berserker |
| 29:44 | Demolisher |
| 30:10 | Endurance Aura |
| 30:39 | Hex |
| 31:13 | Watch Tower |
| 31:14 | Watch Tower |
| 32:15 | Potion of Mana |
| 33:11 | Hex |
| 34:04 | Shaman |
| 34:04 | Troll Witch Doctor |
| 34:28 | Troll Berserker |
| 34:34 | Kodo Beast |
| 35:11 | Troll Berserker |
| 37:34 | Earth Quake |
| Right click | 1479 |
| Select | 910 |
| Select group | 790 |
| Build/train/purchase | 209 |
| Assign group | 130 |
| Misc. action | 63 |
| Use ability | 57 |
| Remove unit | 7 |
| Item give/drop | 6 |
| Minimap ping | 1 |
71 units @ 11.5k
/ 1.6k
33 buildings @ 5.4k
/ 2.8k



| Scroll of Regeneration | 6 | 600 |
| Lesser Clarity Potion | 6 | 420 |
| Potion of Healing | 3 | 450 |
| Orb of Fire | 1 | 325 |
| Staff of Sanctuary | 2 | 500 |
| Ivory Tower | 1 | 40 |
| Potion of Mana | 2 | 400 |
| Scroll of Town Portal | 5 | 1750 |
| Boots of Speed | 1 | 250 |
| Potion of Lesser Invulnerability | 1 | 150 |
| total: | 28 | 4885g |
| Peasant | 26 | 1950 | / | 0 |
| Footman | 3 | 405 | / | 0 |
| Rifleman | 3 | 615 | / | 90 |
| Knight | 11 | 2695 | / | 660 |
| Gryphon Rider | 4 | 1120 | / | 280 |
| Spell Breaker | 8 | 1720 | / | 240 |
| Priest | 7 | 945 | / | 70 |
| Sorceress | 3 | 465 | / | 60 |
| Dragonhawk Rider | 1 | 200 | / | 30 |
| Goblin Shredder | 2 | 750 | / | 200 |
| Forest Troll Shadow Priest | 1 | 195 | / | 10 |
| Mud Golem | 1 | 145 | / | 10 |
| Ogre Mauler | 1 | 300 | / | 0 |
| total: | 71 | 11505g | / | 1650w |
| Scout Tower | 4 | 120 | / | 80 |
| Arcane Tower | 2 | 140 | / | 100 |
| Farm | 10 | 800 | / | 200 |
| Barracks | 3 | 480 | / | 180 |
| Altar of Kings | 1 | 180 | / | 50 |
| Lumber Mill | 1 | 120 | / | 0 |
| Blacksmith | 1 | 140 | / | 60 |
| Town Hall | 7 | 2695 | / | 1435 |
| Arcane Vault | 1 | 130 | / | 30 |
| Gryphon Aviary | 3 | 420 | / | 450 |
| Arcane Sanctum | 2 | 300 | / | 280 |
| Keep | 1 | 320 | / | 210 |
| Castle | 1 | 360 | / | 210 |
| total: | 33 | 5385g | / | 2765w |
| 0:27 | Peasant |
| 0:27 | Peasant |
| 0:27 | Peasant |
| 0:27 | Peasant |
| 0:28 | Peasant |
| 0:28 | Peasant |
| 0:28 | Peasant |
| 0:51 | Peasant |
| 1:15 | Farm |
| 1:17 | Barracks |
| 1:18 | Barracks |
| 1:21 | Farm |
| 1:51 | Farm |
| 1:54 | Altar of Kings |
| 2:29 | Peasant |
| 2:29 | Peasant |
| 2:31 | Peasant |
| 2:31 | Peasant |
| 2:31 | Peasant |
| 2:40 | Footman |
| 2:40 | Footman |
| 3:02 | Footman |
| 3:27 | Farm |
| 3:55 | Lumber Mill |
| 4:02 | Blacksmith |
| 4:21 | Flame Strike |
| 4:47 | Keep |
| 5:01 | Town Hall |
| 5:14 | Improved Lumber Harvesting |
| 5:17 | Farm |
| 5:22 | Arcane Vault |
| 5:29 | Siphon Mana |
| 5:50 | Goblin Shredder |
| 5:50 | Goblin Shredder |
| 6:31 | Scroll of Regeneration |
| 6:31 | Scroll of Regeneration |
| 6:34 | Lesser Clarity Potion |
| 6:44 | Rifleman |
| 7:00 | Rifleman |
| 7:18 | Castle |
| 7:48 | Town Hall |
| 7:50 | Town Hall |
| 8:05 | Flame Strike |
| 8:27 | Iron Forged Swords |
| 8:43 | Gryphon Aviary |
| 8:57 | Arcane Sanctum |
| 9:06 | Gryphon Aviary |
| 9:20 | Scroll of Regeneration |
| 9:20 | Potion of Healing |
| 9:36 | Rifleman |
| 9:42 | Knight |
| 9:44 | Studded Leather Armor |
| 9:46 | Gryphon Rider |
| 9:49 | Storm Bolt |
| 10:16 | Gryphon Aviary |
| 10:34 | Storm Hammers |
| 10:56 | Peasant |
| 10:56 | Peasant |
| 10:59 | Orb of Fire |
| 10:59 | Staff of Sanctuary |
| 11:12 | Animal War Training |
| 11:24 | Iron Plating |
| 11:29 | Siphon Mana |
| 11:30 | Holy Light |
| 11:41 | Advanced Lumber Harvesting |
| 11:45 | Barracks |
| 11:47 | Farm |
| 11:53 | Thunder Clap |
| 11:57 | Farm |
| 12:03 | Improved Masonry |
| 12:05 | Long Rifles |
| 12:41 | Farm |
| 12:43 | Steel Forged Swords |
| 12:55 | Divine Shield |
| 13:08 | Priest Adept Training |
| 13:21 | Farm |
| 13:30 | Knight |
| 13:32 | Gryphon Rider |
| 13:57 | Spell Breaker |
| 14:02 | Spell Breaker |
| 14:12 | Arcane Sanctum |
| 14:32 | Knight |
| 14:45 | Knight |
| 14:46 | Cloud |
| 15:29 | Mithril Forged Swords |
| 15:44 | Storm Bolt |
| 18:20 | Spell Breaker |
| 18:30 | Reinforced Leather Armor |
| 18:32 | Peasant |
| 18:35 | Priest |
| 18:38 | Farm |
| 18:41 | Ivory Tower |
| 18:45 | Scroll of Regeneration |
| 18:49 | Staff of Sanctuary |
| 19:00 | Lesser Clarity Potion |
| 19:02 | Scroll of Town Portal |
| 19:06 | Scroll of Regeneration |
| 19:15 | Flame Strike |
| 19:19 | Peasant |
| 19:23 | Peasant |
| 19:29 | Knight |
| 19:31 | Priest |
| 19:40 | Town Hall |
| 20:50 | Lesser Clarity Potion |
| 20:52 | Scroll of Town Portal |
| 20:53 | Potion of Mana |
| 20:56 | Spell Breaker |
| 21:00 | Knight |
| 21:07 | Priest |
| 21:09 | Priest Master Training |
| 21:11 | Gryphon Rider |
| 21:18 | Dragonhide Armor |
| 21:55 | Holy Light |
| 22:06 | Summon Phoenix |
| 22:55 | Gryphon Rider |
| 23:01 | Peasant |
| 23:08 | Town Hall |
| 23:21 | Steel Plating |
| 23:58 | Thunder Clap |
| 24:19 | Spell Breaker |
| 24:21 | Knight |
| 24:26 | Lesser Clarity Potion |
| 24:36 | Lesser Clarity Potion |
| 24:42 | Scroll of Town Portal |
| 24:42 | Potion of Healing |
| 24:44 | Potion of Mana |
| 24:45 | Potion of Healing |
| 24:45 | Scroll of Town Portal |
| 25:03 | Knight |
| 25:16 | Town Hall |
| 26:29 | Scout Tower |
| 26:41 | Sorceress |
| 26:42 | Sorceress Adept Training |
| 27:06 | Mithril Plating |
| 27:08 | Priest |
| 27:29 | Peasant |
| 27:29 | Peasant |
| 27:40 | Advanced Masonry |
| 27:41 | Peasant |
| 27:42 | Peasant |
| 28:31 | Peasant |
| 28:31 | Peasant |
| 28:43 | Priest |
| 28:45 | Priest |
| 30:23 | Knight |
| 30:26 | Spell Breaker |
| 30:37 | Spell Breaker |
| 30:47 | Dragonhawk Rider |
| 30:57 | Scroll of Regeneration |
| 30:57 | Scroll of Town Portal |
| 31:18 | Priest |
| 31:43 | Divine Shield |
| 31:50 | Sorceress |
| 31:52 | Sorceress |
| 31:54 | Sorceress Master Training |
| 32:02 | Boots of Speed |
| 32:02 | Potion of Lesser Invulnerability |
| 32:26 | Knight |
| 32:49 | Town Hall |
| 32:53 | Scout Tower |
| 33:22 | Scout Tower |
| 33:23 | Arcane Tower |
| 33:33 | Lesser Clarity Potion |
| 34:12 | Arcane Tower |
| 36:06 | Banish |
| 37:37 | Spell Breaker |
| 38:19 | Scout Tower |
| 38:25 | Forest Troll Shadow Priest |
| 38:51 | Knight |
| 39:25 | Mud Golem |
| 39:25 | Ogre Mauler |
| 40:16 | Peasant |
| 42:01 | Holy Light |
| Right click | 1396 |
| Select | 1035 |
| Build/train/purchase | 194 |
| Use ability | 126 |
| Select group | 58 |
| Assign group | 21 |
| Item give/drop | 3 |
| Remove unit | 2 |
| Misc. action | 1 |
88 units @ 11.3k
/ 1.3k
47 buildings @ 8.5k
/ 4.3k



| Healing Salve | 5 | 500 |
| Orb of Lightning | 2 | 750 |
| Tiny Great Hall | 2 | 1200 |
| Lesser Clarity Potion | 3 | 210 |
| Scroll of Speed | 1 | 50 |
| Potion of Mana | 3 | 600 |
| Scroll of Town Portal | 7 | 2450 |
| Periapt of Vitality | 1 | 325 |
| Staff of Teleportation | 1 | 150 |
| total: | 25 | 6235g |
| Peon | 41 | 3075 | / | 0 |
| Troll Headhunter | 7 | 980 | / | 140 |
| Shaman | 4 | 520 | / | 80 |
| Troll Berserker | 18 | 2520 | / | 360 |
| Troll Witch Doctor | 5 | 725 | / | 125 |
| Spirit Walker | 3 | 585 | / | 105 |
| Wind Rider | 8 | 2120 | / | 320 |
| Goblin Shredder | 2 | 750 | / | 200 |
| total: | 88 | 11275g | / | 1330w |
| Altar of Storms | 2 | 360 | / | 100 |
| Orc Burrow | 15 | 2400 | / | 600 |
| War Mill | 2 | 410 | / | 0 |
| Barracks | 4 | 720 | / | 200 |
| Great Hall | 5 | 1925 | / | 925 |
| Voodoo Lounge | 3 | 390 | / | 90 |
| Spirit Lodge | 4 | 600 | / | 600 |
| Tauren Totem | 5 | 675 | / | 775 |
| Beastiary | 7 | 1015 | / | 980 |
| Stronghold | 3 | 945 | / | 570 |
| Fortress | 2 | 650 | / | 380 |
| total: | 47 | 8495g | / | 4270w |
| 0:02 | Peon |
| 0:02 | Peon |
| 0:02 | Peon |
| 0:05 | Altar of Storms |
| 0:18 | Orc Burrow |
| 0:37 | War Mill |
| 0:47 | Peon |
| 1:04 | Barracks |
| 1:11 | Peon |
| 1:11 | Peon |
| 1:19 | Peon |
| 1:19 | Peon |
| 1:27 | Peon |
| 1:27 | Peon |
| 1:42 | Orc Burrow |
| 2:06 | Feral Spirit |
| 2:06 | Troll Headhunter |
| 2:13 | Troll Headhunter |
| 2:43 | Stronghold |
| 2:57 | Troll Headhunter |
| 3:15 | Troll Headhunter |
| 3:43 | Chain Lighting |
| 3:50 | Troll Headhunter |
| 4:00 | Great Hall |
| 4:16 | Troll Headhunter |
| 4:30 | Orc Burrow |
| 4:47 | Voodoo Lounge |
| 5:01 | Feral Spirit |
| 5:54 | Fortress |
| 6:23 | Hex |
| 6:24 | Healing Salve |
| 6:32 | Goblin Shredder |
| 6:33 | Goblin Shredder |
| 6:46 | Chain Lighting |
| 6:59 | Troll Regeneration |
| 7:13 | Spirit Lodge |
| 7:44 | Troll Headhunter |
| 8:03 | Spirit Lodge |
| 8:15 | Healing Wave |
| 8:20 | Berserker Upgrade |
| 8:37 | Shaman |
| 8:37 | Shaman Adept Training |
| 9:15 | Troll Berserker |
| 9:18 | War Stomp |
| 9:20 | Orb of Lightning |
| 9:20 | Tiny Great Hall |
| 9:20 | Healing Salve |
| 9:21 | Lesser Clarity Potion |
| 9:22 | Scroll of Speed |
| 9:32 | Orc Burrow |
| 9:49 | Great Hall |
| 10:06 | Shaman |
| 10:38 | Chain Lighting |
| 10:51 | Troll Berserker |
| 10:52 | Shaman Master Training |
| 10:52 | Shaman |
| 11:03 | Healing Wave |
| 11:08 | Endurance Aura |
| 11:16 | Steel Ranged Weapons |
| 11:16 | Steel Armor |
| 11:19 | Barracks |
| 11:46 | Witch Doctor Adept Training |
| 11:48 | Orc Burrow |
| 11:49 | Orc Burrow |
| 12:02 | Healing Salve |
| 12:03 | Orb of Lightning |
| 12:10 | Lesser Clarity Potion |
| 12:11 | Potion of Mana |
| 12:32 | Hex |
| 12:34 | Troll Berserker |
| 12:43 | Troll Berserker |
| 12:45 | Troll Berserker |
| 12:47 | Witch Doctor Master Training |
| 12:48 | Troll Witch Doctor |
| 13:37 | Thorium Ranged Weapons |
| 13:37 | Thorium Armor |
| 13:37 | Reinforced Defenses |
| 13:40 | Tauren Totem |
| 14:00 | Peon |
| 14:00 | Peon |
| 14:00 | Peon |
| 14:01 | Peon |
| 14:01 | Peon |
| 14:03 | War Stomp |
| 14:27 | Troll Berserker |
| 15:02 | Peon |
| 15:02 | Peon |
| 15:03 | Peon |
| 15:03 | Peon |
| 15:19 | Spirit Walker Adept Training |
| 15:23 | Tauren Totem |
| 15:29 | Potion of Mana |
| 15:29 | Potion of Mana |
| 15:29 | Lesser Clarity Potion |
| 15:31 | Scroll of Town Portal |
| 16:02 | Troll Berserker |
| 16:06 | Beastiary |
| 16:06 | Beastiary |
| 16:09 | Arcanite Ranged Weapons |
| 16:09 | Arcanite Armor |
| 16:20 | Scroll of Town Portal |
| 16:37 | Scroll of Town Portal |
| 16:51 | Troll Berserker |
| 16:53 | Spirit Walker Master Training |
| 16:53 | Spirit Walker |
| 16:58 | Tauren Totem |
| 18:07 | Endurance Aura |
| 18:31 | Peon |
| 18:31 | Peon |
| 18:31 | Peon |
| 18:31 | Peon |
| 18:33 | Peon |
| 18:42 | Periapt of Vitality |
| 18:43 | Staff of Teleportation |
| 18:50 | Healing Wave |
| 18:54 | Healing Salve |
| 18:54 | Healing Salve |
| 18:55 | Tiny Great Hall |
| 20:59 | Peon |
| 21:00 | Peon |
| 21:00 | Peon |
| 21:01 | Peon |
| 21:01 | Peon |
| 21:19 | Orc Burrow |
| 21:19 | Orc Burrow |
| 21:20 | Orc Burrow |
| 21:24 | Peon |
| 21:24 | Peon |
| 21:47 | Great Hall |
| 22:06 | Voodoo Lounge |
| 22:07 | Altar of Storms |
| 22:09 | Beastiary |
| 22:20 | Peon |
| 22:59 | War Mill |
| 23:01 | Peon |
| 23:01 | Peon |
| 23:03 | Orc Burrow |
| 23:05 | Orc Burrow |
| 23:06 | Orc Burrow |
| 23:06 | Orc Burrow |
| 23:40 | Great Hall |
| 24:00 | Peon |
| 24:00 | Peon |
| 24:00 | Peon |
| 24:37 | Peon |
| 24:59 | Pulverize |
| 25:01 | Spiked Barricades |
| 25:11 | Tauren Totem |
| 25:12 | Tauren Totem |
| 25:19 | Spirit Lodge |
| 25:23 | Spirit Lodge |
| 26:30 | Beastiary |
| 26:32 | Beastiary |
| 26:46 | Peon |
| 26:48 | Voodoo Lounge |
| 26:57 | Stronghold |
| 27:07 | Wind Rider |
| 27:09 | Barracks |
| 27:13 | Barracks |
| 28:00 | Wind Rider |
| 28:01 | Wind Rider |
| 28:07 | Spirit Walker |
| 28:15 | Scroll of Town Portal |
| 28:40 | Troll Berserker |
| 28:47 | Troll Berserker |
| 28:59 | Orc Burrow |
| 28:59 | Orc Burrow |
| 29:01 | Troll Berserker |
| 29:03 | Wind Rider |
| 29:05 | Troll Berserker |
| 29:09 | Spirit Walker |
| 29:41 | Improved Spiked Barricades |
| 29:59 | Troll Witch Doctor |
| 31:07 | War Stomp |
| 31:44 | Scroll of Town Portal |
| 32:15 | Steel Melee Weapons |
| 33:38 | Earth Quake |
| 34:10 | Shaman |
| 34:10 | Troll Witch Doctor |
| 34:30 | Big Bad Voodoo |
| 34:42 | Great Hall |
| 34:51 | Wind Rider |
| 36:04 | Reincarnation |
| 36:41 | Troll Witch Doctor |
| 37:29 | Feral Spirit |
| 37:43 | Hex |
| 38:26 | Endurance Aura |
| 38:31 | Scroll of Town Portal |
| 38:56 | Peon |
| 38:56 | Peon |
| 40:12 | Wind Rider |
| 40:16 | Beastiary |
| 40:19 | Scroll of Town Portal |
| 40:28 | Troll Berserker |
| 40:34 | Troll Berserker |
| 40:38 | Beastiary |
| 40:40 | Troll Berserker |
| 40:43 | Troll Witch Doctor |
| 42:05 | Wind Rider |
| 42:20 | Troll Berserker |
| 42:23 | Troll Berserker |
| 42:23 | Troll Berserker |
| 42:23 | Wind Rider |
| Right click | 2580 |
| Select group | 2002 |
| Select | 1526 |
| Chat | 488 |
| Misc. action | 479 |
| Build/train/purchase | 304 |
| Use ability | 164 |
| Assign group | 98 |
| Item give/drop | 14 |
| Esc | 7 |